 Dungeon Crawl Stone Soup version 0.22-a0-305-gd21a89c (webtiles) character file.

98 galech the Sneak (level 4, -4/30 HPs)
             Began as an Octopode Assassin on Mar 30, 2018.
             Slain by a gnoll
             ... wielding a +0 flail
              (13 damage)
             ... on level 2 of the Dungeon.
             The game lasted 00:04:57 (1565 turns).

galech the Sneak (Octopode Assassin)                Turns: 1565, Time: 00:04:58

Health: -4/30      AC:  1    Str: 10    XL:     4   Next: 71%
Magic:  4/4        EV: 13    Int: 13    God:
Gold:   49         SH:  0    Dex: 14    Spells: 3/3 levels left

rFire    . . .     SeeInvis .   a - +2 dagger
rCold    . . .     Gourm    .   (no shield)
rNeg     . . .     Faith    .   (helmet restricted)
rPois    .         Spirit   .   (no amulet)
rElec    .         Reflect  .   (no ring)
rCorr    .         Harm     .   (no ring)
MR       .....                  (no ring)
Stlth    +++++.....             (no ring)
HPRegen  0.10/turn              (no ring)
MPRegen  0.09/turn              (no ring)
                                (no ring)
                                (no ring)

@: no status effects
A: almost no armour, stealthy swim, amphibious, 8 rings, constrict 8, camouflage
1, gelatinous body 1
a: no special abilities


You were on level 2 of the Dungeon.
You were hungry.

You visited 1 branch of the dungeon, and saw 2 of its levels.

You collected 49 gold pieces.

Inventory:

Hand Weapons
 a - a +2 dagger (weapon)
 b - a +0 blowgun
Missiles
 c - 8 poisoned needles (quivered)
 d - 2 curare-tipped needles
Scrolls
 g - a scroll of identify {unknown}
 j - 2 scrolls of teleportation
Potions
 e - 2 potions of curing {unknown}
 h - a potion of heal wounds {unknown}
 i - a potion of ambrosia {unknown}
 l - a potion of resistance {unknown}
 m - a potion of invisibility {unknown}
 o - a potion of might {unknown}
Comestibles
 f - a ration


   Skills:
 + Level 2.4 Fighting
 + Level 2.5 Short Blades
 + Level 2.0 Throwing
 + Level 1.2 Dodging
 + Level 7.4 Stealth


You had 3 spell levels left.
You didn't know any spells.

Dungeon Overview and Level Annotations

Branches:
Dungeon (2/15)

Altars:


Innate Abilities, Weirdness & Mutations

You cannot wear most types of armour.
You are very stealthy in the water. (Stealth+)
You are amphibious.
You can wear up to eight rings at the same time.
You can use your tentacles to constrict eight enemies at once.
Your skin changes colour to match your surroundings (Stealth+).
Your rubbery body absorbs attacks. (AC +1, EV +1)


Message History

You start resting.
You see here a chain mail.
The frilled lizard barely misses you.
You hit the frilled lizard.
You kill the frilled lizard!
You see here a long sword.
The gnoll hits you with a flail!
You hit the gnoll. You grab the gnoll.
You squeeze the gnoll, but do no damage.
The gnoll is lightly wounded.
You constrict the gnoll. The gnoll hits you with a flail!
* * * LOW HITPOINT WARNING * * *
You are too injured to fight recklessly!
You are too injured to fight recklessly!
You release your grip on the gnoll.
You see here a chain mail.
You see here a bat corpse.
There is a stone staircase leading up here.
The gnoll hits you with a flail!
You die...

#.#.# #.#.#..##.#(#####
#.#..
#.#[####...............#
#.#..
#.#.÷........###.#.###.##
#.#..
#.######....####.#.##...##
##.#.. #.#
#..............#..###.....
#.#
##.#######..##.......<....
#.# #.#
#####s.###.#####...#. #.#
####.###g..#g.###...####.##.
#.##
#.....>...)@.........###.##.
...#
#.#####..................##.
#..###÷#
#...#########..######.
#..[...# #...# #..# #.
#.####.# #.#.# #..# #. #..
..# #...# #..# #. ### #..
..... .... #### ######
######


You could see 2 gnolls and a giant cockroach.

Vanquished Creatures
  2 gnolls (D:2)
  3 adders (D:2)
  2 ball pythons (D:2)
  6 bats
  2 giant cockroaches (D:2)
  A goblin (D:1)
  7 hobgoblins
  9 jackals
  4 kobolds
  A quokka (D:2)
  4 frilled lizards
  9 rats
50 creatures vanquished.

Notes
Turn   | Place    | Note
-------+----------+-------------------------------------------
     0 | D:1      | galech the Octopode Assassin began the quest for the Orb.
     0 | D:1      | Reached XP level 1. HP: 14/14 MP: 1/1
   237 | D:1      | Reached XP level 2. HP: 19/19 MP: 2/2
   317 | D:1      | Reached skill level 6 in Stealth
   599 | D:1      | Reached XP level 3. HP: 20/24 MP: 3/3
  1126 | D:2      | Reached skill level 7 in Stealth
  1267 | D:2      | Reached XP level 4. HP: 24/30 MP: 4/4
  1565 | D:2      | Slain by a gnoll

Vault maps used:
D:1:      erik_arrival_blinker_ship
D:2:      minmay_misc_feat_secret_circle

Skill      XL: |  1  2  3 |
---------------+----------+-----
Stealth        | 6 7 |  7.4
Fighting       | |  2.4
Short Blades   | |  2.5
Throwing       | |  2.0
Dodging        | |  1.2

Action                   |  1- 3 |  4- 6 || total
-------------------------+-------+-------++-------
Melee: Dagger            |    73 |    16 ||    89
       Constrict         |    18 |     5 ||    23
       Tentacles         |    15 |     6 ||    21
  Use: Scroll            |     5 |       ||     5
 Stab: Sleeping          |    13 |       ||    13
       Distracted        |     2 |     1 ||     3
  Eat: Chunk             |     1 |       ||     1
Armor: Skin              |     4 |     6 ||    10
Dodge: Dodged            |    24 |    20 ||    44

Table legend:
 A = Spawn XP
 B = Non-spawn XP
 C = Spawn XP percentage of total XP
 D = Spawn monster count
 E = Non-spawn monster count
 F = Spawn count percentage of total count
 G = Total turns spent on level
                    A         B        C        D         E        F      G
               +---------+---------+-------+---------+---------+-------+---------
         Total |       0 |     141 |   0.0 |       0 |      50 |   0.0 |  1565
               +---------+---------+-------+---------+---------+-------+---------
           D:1 |       0 |      40 |   0.0 |       0 |      26 |   0.0 |   892
           D:2 |       0 |     101 |   0.0 |       0 |      24 |   0.0 |   673
               +---------+---------+-------+---------+---------+-------+---------
